 Dungeon Crawl Stone Soup version 0.30-a0-137-gd8773701ce (webtiles) character file.

Game seed: 12266973928558259638

16921 Bnni the Basher (level 12, -10/150 HPs)
             Began as a Demonspawn Fighter on Sept 22, 2022.
             Was a High Priest of Okawaru.
             Mangled by a minotaur
             ... wielding the +9 trident "Lutillat" {freeze, *Rage Will+ Int+6}
              (14 damage)
             ... in a Gauntlet on Sept 23, 2022.
             The game lasted 00:29:17 (12380 turns).

Bnni the Basher (Demonspawn Fighter)               Turns: 12380, Time: 00:29:18

Health: -10/150    AC: 22    Str: 27    XL:     12   Next: 14%
Magic:  12/18      EV: 13    Int: 11    God:    Okawaru [*****.]
Gold:   598        SH: 21    Dex: 14    Spells: 11/11 levels left

rFire   + + .      SeeInvis .    u - +1 demon whip (venom)
rCold   . . .      Faith    .    c - +0 buckler
rNeg    . . .      Spirit   .    j - +1 ring mail {rF+}
rPois   .          Reflect  +    D - +2 hat of Privacy {Dex+2}
rElec   +          Harm     .    B - +1 cloak
rCorr   +          Rampage  .    m - -1 pair of gloves "Seemn" {rCorr}
Will    .....      NoTele   +    t - +0 pair of boots
Stlth   ..........               h - amulet of reflection
HPRegen 0.35/turn                T - ring "Leitax" {*Corrode rElec rF+ Str+6 Slay+4}
MPRegen 0.16/turn                G - +4 ring of protection

@: berserking, heroic, very quick
A: horns 1, large bone plates 2, (demonic guardian 1), icemail 1, condensation
shield
a: Renounce Religion, Heroism, Finesse, Duel


You were in a Gauntlet.
You worshipped Okawaru.
Okawaru was extremely pleased with you.
You visited 2 branches of the dungeon, and saw 13 of its levels.
You also visited: Gauntlet.

You collected 654 gold pieces.
You spent 56 gold pieces at shops.

Inventory:

Hand Weapons
 n - a +0 arbalest
 u - a +1 demon whip of venom (weapon)
 M - a +1 whip of electrocution
 R - a +4 lajatang of speed
Missiles
 f - 5 javelins (quivered)
 E - a throwing net
 Q - 3 curare-tipped darts
Armour
 c - a +0 buckler (worn)
 j - a +1 ring mail of fire resistance (worn)
 m - the -1 pair of gloves "Seemn" (worn) {rCorr}
   (You found it on level 2 of the Dungeon)

   rCorr:     It protects you from acid and corrosion.
 q - a +0 kite shield
 t - a +0 pair of boots (worn)
 B - a +1 cloak (worn)
 D - the +2 hat of Privacy (worn) {Dex+2}
   (Okawaru gifted it to you on level 11 of the Dungeon)

   Dex:       It affects your dexterity (+2).
Jewellery
 a - a ring of protection from cold
 h - an amulet of reflection (around neck)
 l - a ring of fire
 w - a +4 ring of evasion
 G - a +4 ring of protection (right hand)
 J - a ring of resist corrosion
 L - a ring of ice
 N - a ring of protection from cold
 S - an amulet of the acrobat
 T - the ring "Leitax" (left hand) {*Corrode rElec rF+ Str+6 Slay+4}
   (You found it in a Gauntlet)

   [ring of slaying]

   Str:       It affects your strength (+6).
   Slay:      It affects your accuracy & damage with ranged weapons and melee
   (+4).
   rF:        It protects you from fire.
   rElec:     It insulates you from electricity.
   *Corrode:  It may corrode you when you take damage.
Wands
 x - a wand of digging (7)
 K - a wand of flame (15)
Scrolls
 e - 5 scrolls of vulnerability
 i - 2 scrolls of enchant armour
 k - 2 scrolls of magic mapping
 o - 4 scrolls of immolation
 r - 6 scrolls of teleportation
 s - 3 scrolls of enchant weapon
 y - a scroll of fear
 z - 3 scrolls of amnesia
 O - 3 scrolls of poison {unknown}
Potions
 b - 2 potions of lignification
 d - 2 potions of might
 g - 4 potions of cancellation
 p - 4 potions of attraction
 v - 2 potions of haste
 A - a potion of ambrosia
 C - 3 potions of curing
 F - 4 potions of brilliance
 H - 2 potions of flight
 I - a potion of heal wounds


   Skills:
 + Level 11.2(16.2) Fighting
 - Level 14.0(19.0) Maces & Flails
 + Level 3.6(8.6) Armour
 + Level 3.5(8.5) Shields
 + Level 8.5 Invocations


You had 11 spell levels left.
You didn't know any spells.
Your spell library contained the following spells:

 Spells                   Type           Power      Damage    Failure   Level
 Foxfire                  Conj/Fire      0%         2x1d4     52%         1
 Cigotuvi's Dreadful Rot  Necr/Pois/Air  0%         N/A       67%         2
 Scorch                   Fire           0%         2d5       67%         2
 Inner Flame              Hex/Fire       0%         N/A       88%         3
 Kindle Blastsparks       Fire/Tloc/Air  0%         2d10      88%         3
 Dispel Undead            Necr           0%         3d6       99%         4
 Flame Wave               Conj/Fire      0%         2d4       99%         4
 Alistair's Intoxication  Tmut/Pois      0%         N/A       100%        5
 Borgnjor's Vile Clutch   Necr/Erth      0%         N/A       100%        5
 Eringya's Noxious Bog    Tmut/Pois      0%         N/A       100%        6
 Death Channel            Necr           Unusable   N/A       N/A         6
 Summon Cactus Giant      Summ           Unusable   N/A       N/A         6

Dungeon Overview and Level Annotations

Branches:
Dungeon (12/15)            Temple (1/1) D:4            Lair (0/5) D:8
    Orc (0/2) D:11        Gauntlet (1/1)

Altars:
Ashenzari
Cheibriados
Dithmenos
Fedhas
Gozag
Hepliaklqana
Kikubaaqudgha
Makhleb
Nemelex Xobeh
Okawaru
Qazlal
Ru
Sif Muna
Trog
Uskayaw
Vehumet
Wu Jian
Xom
Yredelemnul

Shops:
D:6 =   D:8 *   D:9 ?   D:11 !

Annotations:
Gauntlet 12 transporters, 21 runed translucent doors


Innate Abilities, Weirdness & Mutations

You have a pair of small horns on your head.
You are mostly covered in large bone plates. (SH +6)
((A weak demonic guardian rushes to your aid.))
A meltable icy envelope protects you from harm. (AC +4)
A meltable shield of frost defends you. (SH +4)


Message History

A red film seems to cover your vision as you go berserk!
Your finesse ends abruptly.
You feel yourself moving faster!
You feel mighty!
The minotaur throws a javelin.
The javelin pierces through you!
You feel a strong urge to attack something.
You block the minotaur's attack.
The minotaur gores you but does no damage.
There is an open door here.
You barely miss the minotaur. You hit the minotaur but do no damage.
You headbutt the minotaur!
The minotaur is lightly wounded.
You hit the minotaur but do no damage.
The minotaur is poisoned.
You headbutt the minotaur!
The minotaur is lightly wounded.
The minotaur goes berserk!
The minotaur hits you with the +9 trident "Lutillat" {freeze, *Rage Will+ Int+6}!!!
The minotaur freezes you! The minotaur gores you!!
* * * LOW HITPOINT WARNING * * *
You are too berserk!
You are too berserk!
Unknown command.
You thrash the minotaur!!
The minotaur looks as sick as possible!
The minotaur is heavily wounded.
You hit the minotaur.
The minotaur looks as sick as possible!
The minotaur is heavily wounded.
You block the minotaur's attack. x2
You closely miss the minotaur.
The minotaur furiously retaliates!
The minotaur headbutts you, but does no damage.
The minotaur is heavily wounded.
You whack the minotaur!
The minotaur looks as sick as possible!
You headbutt the minotaur, but do no damage.
The minotaur is heavily wounded.
You block the minotaur's attack. The minotaur gores you.
* * * LOW HITPOINT WARNING * * *
You barely miss the minotaur.
You headbutt the minotaur, but do no damage.
The minotaur is heavily wounded.
The minotaur hits you with the +9 trident "Lutillat" {freeze, *Rage Will+ Int+6}!!
* * * LOW HITPOINT WARNING * * *
The minotaur freezes you!
You die...

###+## ##..⌠.# '⌠...#
...⌠+ ∩Z. #H#
######@#######
#.............#
#.###.###.###.#
#.............#
###.###.###.###
#####.###.###.#####
#§...............≈# ###
####8..©.©.©.©.©.©..8####
### #8#
#8##§...............§##8#
#8#


You could see a minotaur (berserk, extremely poisoned) and a minotaur zombie.

Vanquished Creatures
  Fannar (D:11)
  The ghost of kaisn the Fighter, a novice NaBe of Trog (D:8)
  The ghost of dupek999 the Ogre Mage, a novice OgHW (D:10)
  2 two-headed ogres (D:11)
  Amaemon (D:11)
  A fire crab (Gauntlet)
  Pikel (D:8)
  2 manticores (D:11)
  2 slime creatures (Gauntlet)
  An ugly thing (D:11)
  Maurice (D:8)
  3 kobold demonologists
  2 unseen horrors
  A komodo dragon (D:8)
  3 trolls
  A hornet (D:7)
  Prince Ribbit (D:8)
  2 wraiths
  A shadow (D:12)
  6 yaks
  6 fire bats (Gauntlet)
  A vampire (D:11)
  A basilisk (D:10)
  2 steam dragons
  3 swamp worms (Gauntlet)
  2 acid dragons
  3 hell hounds (Gauntlet)
  A water moccasin (D:9)
  2 ice beasts
  4 orc warriors
  An ogre (D:5)
  6 centaurs
  13 kobold brigands
  2 bullfrogs
  A gnoll sergeant (D:11)
  4 necrophages
  3 scorpions (D:5)
  12 killer bees (D:8)
  3 electric eels (D:9)
  3 jellies
  An orc priest (D:7)
  5 hounds
  4 iguanas
  5 orc wizards
  8 gnolls
  10 adders
  3 shadow imps
  2 white imps
  2 ufetubi (D:5)
  3 worms
  A dart slug (D:2)
  26 orcs
  10 ball pythons
  5 bats
  3 endoplasms
  4 giant cockroaches
  5 goblins
  4 hobgoblins
  3 jackals (D:3)
  43 kobolds
  6 quokkas
  5 frilled lizards
  8 kobold skeletons (D:11)
  10 kobold zombies (D:11)
  3 rats
286 creatures vanquished.

Vanquished Creatures (others)
  An orange demon (D:11)
  7 fungi (Gauntlet)
  22 plants
30 creatures vanquished.

Grand Total: 316 creatures vanquished

Notes
Turn   | Place    | Note
-------+----------+-------------------------------------------
     0 | D:1      | Bnni the Demonspawn Fighter began the quest for the Orb.
     0 | D:1      | Reached XP level 1. HP: 18/18 MP: 1/1
   125 | D:1      | Reached skill level 2 in Maces & Flails
   291 | D:1      | Gained mutation: A meltable shield of frost defends you.
                  | (SH +4) [demonic ancestry]
   291 | D:1      | Reached XP level 2. HP: 18/24 MP: 2/2
   706 | D:2      | Identified the -1 pair of gloves "Seemn" {rCorr}
   851 | D:2      | Reached XP level 3. HP: 14/29 MP: 3/3
  1155 | D:2      | Reached skill level 3 in Maces & Flails
  1462 | D:2      | Gained mutation: You are partially covered in large bone
                  | plates. (SH +4) [demonic ancestry]
  1462 | D:2      | Reached XP level 4. HP: 31/37 MP: 4/4
  2334 | D:3      | Reached skill level 4 in Maces & Flails
  2541 | D:3      | Reached XP level 5. HP: 42/42 MP: 5/5
  2849 | D:4      | Found a staircase to the Ecumenical Temple.
  2878 | Temple   | Entered the Ecumenical Temple
  2878 | Temple   | Found a transporter.
  2878 | Temple   | Found a transporter.
  2880 | Temple   | Found a transporter.
  2880 | Temple   | Found a transporter.
  2908 | Temple   | Became a worshipper of Warmaster Okawaru
  3199 | D:4      | Identified the +0 pair of boots "Foun" {*Corrode rN+ Str+7
                  | Int+4}
  3691 | D:5      | Entered Level 5 of the Dungeon
  3765 | D:5      | Gained mutation: You are mostly covered in large bone
                  | plates. (SH +6) [demonic ancestry]
  3765 | D:5      | Reached XP level 6. HP: 42/49 MP: 6/6
  3771 | D:5      | Reached skill level 5 in Maces & Flails
  3999 | D:5      | Reached * piety under Okawaru
  4000 | D:5      | Reached skill level 5 in Fighting
  4161 | D:5      | Reached XP level 7. HP: 46/56 MP: 7/7
  4227 | D:5      | Found an ancient bone altar of Kikubaaqudgha.
  4269 | D:5      | Reached skill level 6 in Maces & Flails
  4624 | D:6      | Found Wifeudghu's Jewellery Shop.
  4771 | D:6      | Reached skill level 7 in Maces & Flails
  4934 | D:6      | Reached ** piety under Okawaru
  4935 | D:6      | Reached XP level 8. HP: 57/64 MP: 8/8
  5381 | D:6      | Found a shimmering altar of Xom.
  5382 | D:6      | Found a hazy altar of Hepliaklqana.
  5383 | D:6      | Noticed a spectral ugly thing
  5629 | D:7      | Found a broken altar of Ashenzari.
  5706 | D:7      | Noticed a hornet
  5718 | D:7      | Killed a hornet
  5719 | D:7      | Reached skill level 8 in Maces & Flails
  6138 | D:7      | Found a hide-covered altar of Uskayaw.
  6259 | D:8      | Reached skill level 9 in Maces & Flails
  6270 | D:8      | Gained mutation: You have a pair of small horns on your
                  | head. [demonic ancestry]
  6270 | D:8      | Reached XP level 9. HP: 65/72 MP: 9/9
  6287 | D:8      | Reached *** piety under Okawaru
  6290 | D:8      | Found Pecuem's Fire Supplies.
  6391 | D:8      | Found a runed translucent door.
  6394 | D:8      | Noticed Prince Ribbit
  6397 | D:8      | Noticed Maurice
  6409 | D:8      | Killed Prince Ribbit
  6442 | D:8      | Killed Maurice
  6541 | D:8      | Reached skill level 10 in Maces & Flails
  6562 | D:8      | Noticed Pikel
  6819 | D:8      | Noticed kaisn's ghost (novice NaBe)
  6831 | D:8      | Killed Pikel
  6831 | D:8      | Reached **** piety under Okawaru
  6942 | D:8      | Noticed a komodo dragon
  6955 | D:8      | Killed a komodo dragon
  6956 | D:8      | Reached skill level 11 in Maces & Flails
  6956 | D:8      | Gained mutation: A meltable icy envelope protects you from
                  | harm. (AC +4) [demonic ancestry]
  6956 | D:8      | Reached XP level 10. HP: 58/82 MP: 10/10
  7136 | D:8      | Found a staircase to the Lair.
  7417 | D:8      | Killed kaisn's ghost
  7846 | D:9      | Reached skill level 1 in Invocations
  8359 | D:9      | Found Leal's Magic Scroll Shoppe.
  8371 | D:9      | Bought a scroll of identify for 28 gold pieces
  8371 | D:9      | Bought a scroll of identify for 28 gold pieces
  8396 | D:9      | Reached ***** piety under Okawaru
  8590 | D:9      | Found a shimmering blue altar of Sif Muna.
  8916 | D:10     | Entered Level 10 of the Dungeon
  8916 | D:10     | Found a snail-covered altar of Cheibriados.
  8959 | D:10     | Found a transporter.
  8959 | D:10     | Noticed dupek999's ghost (novice OgHW)
  9020 | D:10     | Found a transporter.
  9301 | D:10     | Reached skill level 12 in Maces & Flails
  9305 | D:10     | Received a gift from Okawaru
  9423 | D:10     | Noticed a sixfirhy
  9430 | D:10     | Noticed a sun demon
  9622 | D:10     | Killed dupek999's ghost
  9623 | D:10     | Reached skill level 10 in Fighting
  9623 | D:10     | Reached skill level 5 in Invocations
  9637 | D:10     | Reached XP level 11. HP: 90/90 MP: 12/14
  9882 | D:11     | Noticed Amaemon
  9928 | D:11     | Killed Amaemon
  9960 | D:11     | Found Loerchuge's Distillery.
 10361 | D:11     | Noticed a two-headed ogre
 10368 | D:11     | Killed a two-headed ogre
 10369 | D:11     | Reached skill level 13 in Maces & Flails
 10525 | D:11     | Noticed a two-headed ogre
 10535 | D:11     | Noticed a soul eater
 10541 | D:11     | Killed a two-headed ogre
 10541 | D:11     | Received a gift from Okawaru
 10787 | D:11     | Noticed Fannar
 10813 | D:11     | Killed Fannar
 11200 | D:11     | Found an ancient bone altar of Kikubaaqudgha.
 11463 | D:11     | Identified the +1 scale mail of the World {rPois Str-5
                  | Dex+4}
 11557 | D:11     | Found a staircase to the Orcish Mines.
 11560 | D:11     | Noticed a white ugly thing
 11570 | D:11     | Killed a white ugly thing
 11580 | D:11     | Identified the +2 hat of Privacy {Dex+2} (Okawaru gifted it
                  | to you on level 11 of the Dungeon)
 11580 | D:11     | Received a gift from Okawaru
 11746 | D:12     | Found a bloodstained altar of Trog.
 11888 | D:12     | Found a gate leading to a gauntlet.
 11889 | D:12     | Noticed a boulder beetle
 11890 | D:12     | Noticed an orc knight
 11895 | Gauntlet | Entered a Gauntlet
 11895 | Gauntlet | Found a transporter.
 11904 | Gauntlet | Found a transporter.
 11919 | Gauntlet | Found a transporter.
 11921 | Gauntlet | Found a large runed translucent door.
 11921 | Gauntlet | Found a large runed translucent door.
 11922 | Gauntlet | Found a large runed translucent door.
 11922 | Gauntlet | Found a large runed translucent door.
 11923 | Gauntlet | Found a large runed translucent door.
 11923 | Gauntlet | Found a large runed translucent door.
 11923 | Gauntlet | Found a runed translucent door.
 11923 | Gauntlet | Found a runed translucent door.
 11923 | Gauntlet | Found a large runed translucent door.
 11923 | Gauntlet | Found a large runed translucent door.
 11924 | Gauntlet | Found a large runed translucent door.
 11924 | Gauntlet | Found a large runed translucent door.
 11925 | Gauntlet | Found a transporter.
 11940 | Gauntlet | Found a transporter.
 11955 | Gauntlet | Found a large runed translucent door.
 11955 | Gauntlet | Noticed a death scarab
 11956 | Gauntlet | Found a large runed translucent door.
 11957 | Gauntlet | Found a large runed translucent door.
 11958 | Gauntlet | Found a runed translucent gate.
 11959 | Gauntlet | Found a transporter.
 11959 | Gauntlet | Found a runed translucent gate.
 11960 | Gauntlet | Found a runed translucent gate.
 11961 | Gauntlet | Found a large runed translucent door.
 11961 | Gauntlet | Noticed a death scarab
 11962 | Gauntlet | Found a large runed translucent door.
 11963 | Gauntlet | Found a large runed translucent door.
 11968 | Gauntlet | Noticed a reaper
 11971 | Gauntlet | Found a transporter.
 11979 | Gauntlet | Noticed a fire crab
 11983 | Gauntlet | Found a transporter.
 11991 | Gauntlet | Noticed a death scarab
 11992 | Gauntlet | Noticed a death scarab
 11995 | Gauntlet | Found a transporter.
 12003 | Gauntlet | Noticed a dire elephant
 12007 | Gauntlet | Found a transporter.
 12024 | Gauntlet | Found a transporter.
 12042 | Gauntlet | Found a transporter.
 12044 | Gauntlet | Found a transporter.
 12074 | Gauntlet | Found a transporter.
 12074 | Gauntlet | Found a transporter.
 12076 | Gauntlet | Found a transporter.
 12110 | Gauntlet | Found a transporter.
 12112 | Gauntlet | Found a transporter.
 12233 | Gauntlet | Gained mutation: A weak demonic guardian rushes to your
                  | aid. [demonic ancestry]
 12233 | Gauntlet | Reached XP level 12. HP: 100/100 MP: 18/18
 12259 | Gauntlet | Identified the ring "Leitax" {*Corrode rElec rF+ Str+6
                  | Slay+4}
 12292 | Gauntlet | Reached skill level 14 in Maces & Flails
 12363 | Gauntlet | Identified the +9 trident "Lutillat" {freeze, *Rage Will+
                  | Int+6}
 12363 | Gauntlet | Identified the +10 scale mail "Owoagh" {Rampage rElec rN+
                  | MP+9}
 12363 | Gauntlet | Noticed a minotaur
 12380 | Gauntlet | HP: 4/150 [minotaur/the +9 trident "Lutillat" {freeze,
                  | *Rage Will+ Int+6} (28)]
 12380 | Gauntlet | Mangled by a minotaur

Illustrated notes

Levels and vault maps discovered:
D:1:      ebering_hopf_link, layout_rooms
D:2:      layout_basic, chequers_serial_rivers_large_a, minmay_unequal
D:3:      layout_loops_ring, mainiacjoe_overflow_alcove_4, st_stairs_10,
          minmay_stone_trees_medium, minivault_23, minmay_strange_pillars,
          grunt_ministairs_13
D:4:      layout_basic, kennysheep_mini, minmay_temple_entry_mini_moons
D:5:      layout_basic, mainiacjoe_overflow_tiny_flanked, st_stairs_14
D:6:      layout_loops_ring, regret_index_temple_of_mockery, serial_shops,
          nicolae_shop_crystal
D:7:      layout_basic, nicolae_overflow_crystal_walls, general_overflow_altar,
          serial_park_tiny_1, chequers_decorated_corner, hex_intersection
D:8:      layout_rooms, david_lair_shrubbed, hellmonk_ghost_happy_afterlife,
          nicolae_shop_fire_sale [nicolae_sub_dead_trees], uniq_prince_ribbit1,
          uniq_maurice, uniq_pikel
D:9:      layout_basic, mainiacjoe_overflow_24_doors, serial_shops, shop
D:10:     layout_gridville, lemuel_crystal_altar, gammafunk_ghost_arena
D:11:     wander_kiku_kobolds, layout_loops_ring, serial_shops,
          nicolae_shop_advertising_works [nicolae_subvault_shop_adworks],
          st_stairs_9, uniq_amaemon, uniq_fannar
D:12:     layout_basic, gauntlet_entry_generic, trog_three_pillars_becter,
          uniq_josephine
Temple:   hellmonk_temple_divided_pantheon
Gauntlet: gammafunk_gauntlet_one_two_three [gammafunk_gauntlet_arena_teeth,
          gammafunk_gauntlet_arena_hedges, nicolae_gauntlet_arena_t_cross,
          gammafunk_gauntlet_arena_mazey, gammafunk_gauntlet_arena_chambers,
          nicolae_gauntlet_arena_blocks, gammafunk_gauntlet_arena_corners,
          minmay_gauntlet_arena_make_your_own_arena,
          nicolae_gauntlet_arena_quarters, gauntlet_exit_hidden_loot]

Skill      XL: |  1  2  3  4  5  6  7  8  9 10 11 12 |
---------------+-------------------------------------+-----
Maces & Flails | 2 3 4 5 7 9 11 12 13 14 | 14.0
Fighting       | 4 5 6 7 8 10 11 | 11.2
Invocations    | 5 8 |  8.5
Armour         | 3 |  3.6
Shields        | 3 |  3.5

Action                   |  1- 3 |  4- 6 |  7- 9 | 10-12 || total
-------------------------+-------+-------+-------+-------++-------
Melee: Flail             |    65 |       |       |       ||    65
       Mace              |    37 |   161 |   170 |       ||   368
       Whip              |       |       |   250 |   296 ||   546
       Headbutt          |       |       |    18 |   152 ||   170
       Demon whip        |       |       |       |   339 ||   339
Throw: Dart              |       |     3 |       |     1 ||     4
Invok: Heroism           |       |       |       |     2 ||     2
       Finesse           |       |       |       |     1 ||     1
Evoke: Wand              |       |       |       |     1 ||     1
  Use: Scroll            |       |    11 |     2 |    10 ||    23
       Potion            |       |       |     2 |     5 ||     7
Armor: Scale mail        |     4 |       |       |       ||     4
       Ring mail         |    27 |    43 |   105 |   118 ||   293
Dodge: Dodged            |    43 |    46 |    94 |   121 ||   304
Block: Buckler           |    54 |   167 |   339 |   366 ||   926
       Reflection        |       |       |     7 |    17 ||    24
       Orb               |       |       |       |    12 ||    12
       Other             |       |       |       |     5 ||     5

Table legend: (Time is in decaauts)
 A = Elapsed time spent in this place.
 B = Non-inter-level travel time spent in this place.
 C = Inter-level travel time spent in this place.
 D = Time resting spent in this place.
 E = Time spent auto-exploring this place.
 F = Levels seen in this place.
 G = Mean time per level.
                   A        B        C        D        E       F      G
               +--------+--------+--------+--------+--------+-----+--------+
         Total |  12118 |  11683 |    435 |   1325 |   7760 |  14 |  865.6 |
       Dungeon |  11626 |  11191 |    435 |   1281 |   7743 |  12 |  968.8 |
        Temple |     44 |     44 |      0 |      0 |      3 |   1 |   44.0 |
      Gauntlet |    446 |    446 |      0 |     44 |     14 |   1 |  446.0 |
               +--------+--------+--------+--------+--------+-----+--------+

Top non-repeatable levels by time:
    D:11: 1859 daAuts
     D:9: 1302 daAuts
     D:8: 1284 daAuts
     D:2: 1175 daAuts
     D:3: 1054 daAuts
     D:6: 1022 daAuts
    D:10: 913 daAuts
     D:5: 854 daAuts
     D:4: 810 daAuts
     D:1: 666 daAuts
     D:7: 648 daAuts
Gauntlet: 446 daAuts
  Temple: 44 daAuts
    D:12: 35 daAuts
